 Dungeon Crawl Stone Soup version 0.29.1-15-g9cfb28693d (webtiles) character file.

Game seed: 15185668441803478311

436 protoss039 the Digger (level 6, -2/47 HPs)
             Began as a Demonspawn Earth Elementalist on Mar 24, 2023.
             Slain by an orc
             ... wielding a +0 club
              (3 damage)
             ... on level 4 of the Dungeon.
             The game lasted 00:04:59 (4417 turns).

protoss039 the Digger (DsEE)                        Turns: 4417, Time: 00:05:00

Health: -2/47      AC:  8    Str: 15    XL:     6   Next: 69%
Magic:  11/11      EV: 11    Int: 26    God:
Gold:   138        SH:  0    Dex: 13    Spells: 9/12 levels left

rFire   x . .      SeeInvis +   o - +4 dagger "Ymmoutte" {freeze, rCorr Int+8 Dex-4}
rCold   + . .      Faith    .   (no shield)
rNeg    . . .      Spirit   .   g - +0 ring mail
rPois   .          Reflect  .   (no helmet)
rElec   .          Harm     .   d - +0 cloak
rCorr   +          Rampage  .   n - +0 pair of gloves
Will    .....                   (no boots)
Stlth   +.........              m - amulet of magic regeneration
HPRegen 0.15/turn               l - ring "Sorhiaj" {rF- rC+ Str+6 Dex+4}
MPRegen 0.52/turn               h - ring of see invisible

@: slowed, very slow
A: hooves 1, weakness stinger 1, demonic touch 1
a: no special abilities


You were on level 4 of the Dungeon.
You visited 1 branch of the dungeon, and saw 4 of its levels.

You collected 138 gold pieces.

Inventory:

Hand Weapons
 o - the +4 dagger "Ymmoutte" (weapon) {freeze, rCorr Int+8 Dex-4}
   (You found it on level 3 of the Dungeon)

   It freezes those it strikes, dealing additional cold damage.
   It can also slow down cold-blooded creatures.
   Int:       It affects your intelligence (+8).
   Dex:       It affects your dexterity (-4).
   rCorr:     It protects you from acid and corrosion.
Missiles
 r - a throwing net
Armour
 d - a +0 cloak (worn)
 g - a +0 ring mail (worn)
 n - a +0 pair of gloves (worn)
Magical Staves
 p - a staff of poison
Jewellery
 a - a ring of protection from fire
 h - a ring of see invisible (right hand)
 l - the ring "Sorhiaj" (left hand) {rF- rC+ Str+6 Dex+4}
   (You found it on level 2 of the Dungeon)

   [ring of strength]

   Str:       It affects your strength (+6).
   Dex:       It affects your dexterity (+4).
   rF:        It makes you vulnerable to fire.
   rC:        It protects you from cold.
 m - an amulet of magic regeneration (around neck)
Scrolls
 c - a scroll of teleportation {unknown}
 e - 2 scrolls of blinking {unknown}
 f - 2 scrolls of noise {unknown}
 i - a scroll of immolation {unknown}
 k - a scroll of vulnerability {unknown}
 q - a scroll of fear {unknown}
 s - a scroll of summoning {unknown}
Potions
 b - a potion of magic
 j - a potion of degeneration {unknown}


   Skills:
 + Level 3.0 Fighting
 * Level 3.3 Armour
 - Level 1.7 Dodging
 - Level 1.7 Stealth
 + Level 3.5 Spellcasting
 - Level 0.8 Transmutations
 + Level 4.0 Earth Magic


You had 9 spell levels left.
You knew the following spells:

 Your Spells              Type           Power      Damage    Failure   Level
a - Sandblast             Erth           50%        2d12      3%          1
b - Passwall              Tmut/Erth      14%        N/A       10%         2

Your spell library contained the following spells:

 Spells                   Type           Power      Damage    Failure   Level
 Wereblood                Tmut           9%         N/A       19%         2
 Stone Arrow              Conj/Erth      30%        3d8       22%         3
 Sublimation of Blood     Necr           4%         N/A       26%         2
 Petrify                  Tmut/Erth      17%        N/A       52%         4
 Summon Hydra             Summ           2%         N/A       100%        7


Dungeon Overview and Level Annotations

Branches:
Dungeon (4/15) Zot: 19505
 Temple: D:4-7

Altars:
Fedhas
Okawaru
Sif Muna
Trog

Annotations:
D:3 2 transporters, gargbit's ghost, amateur DsHu
D:4 3 runed translucent doors, MrClown's ghost, weakling DsNe; SuperDerp's ghost, amateur TrGl; gargbit's ghost, amateur DsHu


Innate Abilities, Weirdness & Mutations

You have large cloven feet.
You have a small tail.
Your touch may inflict minor irresistible damage on your foes.


Message History

Natasha howls an incantation.
Natasha's front paws start to glow.
Natasha claws you but does no damage. The orc hits you but does no damage. x2
The shadow imp gestures at you.
You barely resist. Natasha casts a spell at you. The magic dart hits you.
* * * LOW HITPOINT WARNING * * *
The shadow imp hits you but does no damage.
The orc hits you with a +0 club.
* * * LOW HITPOINT WARNING * * *
The orc closely misses you.
Unknown command.
Casting: Sandblast (safe; 3% risk of failure)
Confirm with . or Enter, or press ? or * to list all spells.
Aiming: Sandblast (safe; 3% risk of failure)
Press: ? - help, Shift-Dir - straight line, f/p - Natasha
Aim: Natasha (heavily wounded, 79% to hit)
The blast of sand hits Natasha!
You kill Natasha!
Natasha yowls pathetically as she dies!
The shadow imp disappears in a puff of smoke!
The orc barely misses you. The orc closely misses you.
The orc hits you but does no damage. x2
Your Fighting skill increases to level 3!
Unknown command.
Unknown command.
The orc attacks as you move away! The orc hits you with a +0 club.
* * * LOW HITPOINT WARNING * * *
Casting: Sandblast (safe; 3% risk of failure)
Confirm with . or Enter, or press ? or * to list all spells.
Aiming: Sandblast (safe; 3% risk of failure)
Press: ? - help, Shift-Dir - straight line, f - orc
Aim: an orc, wielding a +0 club and wearing a +0 ring mail (85% to hit)
The blast of sand hits the orc.
The orc is moderately wounded.
The orc hits you with a +0 dagger.
* * * LOW HITPOINT WARNING * * *
The orc hits you with a +0 club.
You die...

#..)...... #).####### #)## #.#
########.# ####........#
#.......###.## #...[...#
#..#######.. ###+####......@#
#...oo......
#............oo####.#........ .
+..............)....#.o......
.##........##.#................
..............+................
......############+++####.[....
......# #.WWW.....##'#.##
......# #⌠.......⌠# .#.#
......# #P.......P# .# #


You could see MrClown's ghost, SuperDerp's ghost, gargbit's ghost and 2 orcs.

Vanquished Creatures
  Sigmund (D:3)
  An orc priest (D:3)
  Natasha (D:4)
  2 orc wizards (D:3)
  4 gnolls (D:4)
  3 adders
  A shadow imp (D:3)
  3 worms
  9 orcs
  6 ball pythons
  7 bats
  6 endoplasms
  3 giant cockroaches
  3 goblins
  4 hobgoblins
  11 jackals
  5 quokkas
  A frilled lizard (D:1)
  3 kobolds
  9 rats
83 creatures vanquished.

Vanquished Creatures (others)
  2 withered plants (D:4)
2 creatures vanquished.

Grand Total: 85 creatures vanquished

Notes
Turn   | Place    | Note
-------+----------+-------------------------------------------
     0 | D:1      | protoss039 the Demonspawn Earth Elementalist began the
                  | quest for the Orb.
     0 | D:1      | Reached XP level 1. HP: 13/13 MP: 3/3
    92 | D:1      | Discovered your monstrous ancestry.
    92 | D:1      | Gained mutation: You have a small tail. [demonic ancestry]
    92 | D:1      | Reached XP level 2. HP: 20/20 MP: 0/5
   429 | D:1      | Reached skill level 1 in Fighting
   477 | D:1      | Reached skill level 3 in Earth Magic
  1096 | D:1      | Reached XP level 3. HP: 26/26 MP: 4/6
  1870 | D:2      | Found a faded altar of an unknown god.
  1963 | D:2      | Reached skill level 1 in Armour
  1966 | D:2      | Identified the ring "Sorhiaj" {rF- rC+ Str+6 Dex+4}
  2735 | D:2      | Learned a level 2 spell: Passwall
  2747 | D:3      | Reached XP level 4. HP: 32/32 MP: 5/8
  2756 | D:3      | Identified the +4 dagger "Ymmoutte" {freeze, rCorr Int+8
                  | Dex-4}
  2779 | D:3      | Noticed gargbit's ghost (amateur DsHu)
  2797 | D:3      | Found a transporter.
  2840 | D:3      | Found a transporter.
  2862 | D:3      | Found a blossoming altar of Fedhas.
  3161 | D:3      | Gained mutation: You have large cloven feet. [demonic
                  | ancestry]
  3161 | D:3      | Reached XP level 5. HP: 20/38 MP: 9/9
  3643 | D:3      | Found a bloodstained altar of Trog.
  3643 | D:3      | Found an iron altar of Okawaru.
  3678 | D:3      | Found a shimmering blue altar of Sif Muna.
  3844 | D:3      | Noticed Sigmund
  3851 | D:3      | Killed Sigmund
  3852 | D:3      | Gained mutation: Your touch may inflict minor irresistible
                  | damage on your foes. [demonic ancestry]
  3852 | D:3      | Reached XP level 6. HP: 2/46 MP: 9/11
  4248 | D:4      | Found a runed translucent gate.
  4249 | D:4      | Found a runed translucent gate.
  4250 | D:4      | Found a runed translucent gate.
  4268 | D:4      | Reached skill level 4 in Earth Magic
  4396 | D:4      | Noticed MrClown's ghost (weakling DsNe)
  4397 | D:4      | Noticed SuperDerp's ghost (amateur TrGl)
  4399 | D:4      | Noticed Natasha
  4399 | D:4      | Noticed gargbit's ghost (amateur DsHu)
  4415 | D:4      | Killed Natasha
  4417 | D:4      | HP: 1/47 [orc/+0 dagger (4)]
  4417 | D:4      | Slain by an orc

Illustrated notes

Levels and vault maps discovered:
D:1:      lightli_arrival_quake, layout_basic, serial_curves, eino_curves_02,
          eino_curves_04, hangedman_abyss_or_decor_stabs
D:2:      layout_basic, hellmonk_ecumenical_altar_defaced_shrine
D:3:      layout_basic, grunt_temple_overflow_bloody_war,
          nicolae_overflow_crystal_walls, kennysheep_orc_sif_temple,
          gammafunk_ghost_stat_death, uniq_sigmund
D:4:      layout_basic, nicolae_overflow_hallway_of_the_gods,
          gammafunk_ghost_cemetery, minmay_fire_ice_demons, uniq_natasha

Skill      XL: |  1  2  3  4  5  6 |
---------------+-------------------+-----
Fighting       | 1 2 3 |  3.0
Earth Magic    | 3 4 |  4.0
Armour         | 1 2 3 |  3.3
Spellcasting   | 3 |  3.5
Dodging        | |  1.7
Stealth        | |  1.7
Transmutations | |  0.8

Action                   |  1- 3 |  4- 6 || total
-------------------------+-------+-------++-------
Melee: Unarmed           |    14 |       ||    14
       Club              |    71 |       ||    71
       Tailslap          |     7 |     7 ||    14
       Punch             |     3 |       ||     3
       Dagger            |       |    64 ||    64
       Kick              |       |    14 ||    14
       Touch             |       |     6 ||     6
 Cast: Sandblast         |    43 |    34 ||    77
  Use: Potion            |       |     3 ||     3
 Stab: Sleeping          |     1 |     1 ||     2
Armor: Robe              |     6 |       ||     6
       Ring mail         |    35 |    38 ||    73
Dodge: Dodged            |    55 |    61 ||   116
